 Dungeon Crawl Stone Soup version 0.28-a0-691-gad6df49e81 (webtiles) character file.

Game seed: 10929070199705855130

3382 tsouns the Covert (level 9, -12/44 HPs)
             Began as a Spriggan Venom Mage on Oct 7, 2021.
             Was a Believer of Okawaru.
             Killed from afar by a steam dragon (16 damage)
             ... with a ball of steam
             ... on level 9 of the Dungeon on Oct 21, 2021.
             The game lasted 00:22:16 (11611 turns).

tsouns the Covert (Spriggan Venom Mage)            Turns: 11611, Time: 00:22:17

Health: -12/44     AC:  6    Str:  4    XL:     9   Next: 74%
Magic:  24/30      EV: 32    Int: 19    God:    Okawaru [**....]
Gold:   355        SH:  0    Dex: 16    Spells: 13/23 levels left

rFire   . . .      SeeInvis +   y - +3 dagger (elec)
rCold   . . .      Faith    .   (shield restricted)
rNeg    . . .      Spirit   .   a - +0 robe
rPois   .          Reflect  .   (helmet restricted)
rElec   .          Harm     .   (no cloak)
rCorr   .          Rampage  .   (gloves unavailable)
Will    +....                   (boots unavailable)
Stlth   ++++......              d - amulet of the acrobat
HPRegen 0.14/turn               s - +4 ring of protection
MPRegen 0.22/turn               A - ring of magical power

@: acrobatic, very quick
A: very small, no large weapons, unfitting armour, see invisible, speed 3
a: Renounce Religion, Heroism


You were on level 9 of the Dungeon.
You worshipped Okawaru.
Okawaru was pleased with you.
You visited 2 branches of the dungeon, and saw 10 of its levels.

You collected 355 gold pieces.

Inventory:

Hand Weapons
 e - a +3 dagger of draining
 t - a +1 long sword of freezing
 w - a +2 dagger of venom
 y - a +3 dagger of electrocution (weapon)
Missiles
 i - a throwing net
 k - 22 poisoned darts
 r - 2 curare-tipped darts
Armour
 a - a +0 robe (worn)
Jewellery
 c - a ring of wizardry
 d - an amulet of the acrobat (around neck)
 g - a ring of flight
 m - a ring of protection from fire
 s - a +4 ring of protection (left hand)
 A - a ring of magical power (right hand)
Wands
 f - a wand of digging (6)
 n - a wand of mindburst (13)
Scrolls
 v - a scroll of enchant weapon
 x - a scroll of amnesia
 B - a scroll of teleportation
Potions
 b - a potion of mutation
 h - 2 potions of haste
 j - 2 potions of resistance
 l - a potion of flight
 o - 2 potions of berserk rage
 p - 2 potions of attraction
 q - a potion of heal wounds
 u - a potion of might
 z - a potion of lignification {unknown}


   Skills:
 + Level 3.3 Fighting
 + Level 4.3 Short Blades
 - Level 2.6 Dodging
 + Level 10.0 Stealth
 + Level 7.8 Spellcasting
 + Level 4.1 Conjurations
 - Level 3.2 Transmutations
 - Level 1.4 Air Magic
 + Level 6.9 Poison Magic


You had 13 spell levels left.
You knew the following spells:

 Your Spells              Type           Power      Damage    Failure   Level
a - Sting                 Tmut/Pois      100%       1d8       1%          1
b - Poisonous Vapours     Pois/Air       46%        N/A       2%          2
c - Mephitic Cloud        Conj/Pois/Air  23%        N/A       4%          3
d - Olgreb's Toxic Radia  Pois           33%        N/A       5%          4

Your spell library contained the following spells:

 Spells                   Type           Power      Damage    Failure   Level
 Slow                     Hex            7%         N/A       14%         2
 Confusing Touch          Hex            7%         N/A       28%         3
 Yara's Violent Unravell  Hex/Tmut       6%         3d5       80%         5


Dungeon Overview and Level Annotations

Branches:
Dungeon (9/15)             Temple (1/1) D:6            Lair (0/6) D:8
    Orc: D:9-12

Altars:
Ashenzari
Cheibriados
Dithmenos
Elyvilon
Fedhas
Hepliaklqana
Kikubaaqudgha
Makhleb
Nemelex Xobeh
Okawaru
Qazlal
Ru
Sif Muna
Trog
Uskayaw
Vehumet
Xom
Yredelemnul
Zin

Annotations:
D:4 2 transporters


Innate Abilities, Weirdness & Mutations

You are very small and have problems with some larger weapons.
You are too small for most types of armour.
You have supernaturally acute eyesight. (SInv)
You cover ground extremely quickly. (Speed+++)


Message History

The steam dragon is poisoned.
The steam dragon barely misses you. The steam dragon claws you.
Unknown command.
Casting: Poisonous Vapours (safe; 2% risk of failure)
Confirm with . or Enter, or press ? or * to list all spells.
Aiming: Poisonous Vapours (safe; 2% risk of failure)
Press: ? - help, Dir - move target, f/p - steam dragon
Aim: a steam dragon (lightly wounded, poisoned) Poisonous vapours surround the steam dragon!
The steam dragon looks even sicker.
Casting: Poisonous Vapours (safe; 2% risk of failure)
Confirm with . or Enter, or press ? or * to list all spells.
Aiming: Sting (safe; 1% risk of failure)
Press: ? - help, Shift-Dir - straight line, f/p - steam dragon
Aim: a steam dragon (lightly wounded, very poisoned, 78% to hit)
The sting hits the steam dragon.
The steam dragon looks even sicker.
The steam dragon is lightly wounded.
The steam dragon breathes steam at you. The ball of steam misses you.
The steam dragon completely misses you. The steam dragon closely misses you.
You hit the steam dragon but do no damage.
The steam dragon is lightly wounded.
You are engulfed in a cloud of scalding steam.
The steam dragon barely misses you. x2
Unknown command.
The steam dragon breathes steam at you. The ball of steam hits you!!
* * * LOW HITPOINT WARNING * * *
Casting: Sting (safe; 1% risk of failure)
Confirm with . or Enter, or press ? or * to list all spells.
Aiming: Poisonous Vapours (safe; 2% risk of failure)
Press: ? - help, Dir - move target, f/p - steam dragon
Aim: a steam dragon (moderately wounded, very poisoned) Poisonous vapours surround the steam dragon!
The steam dragon looks as sick as possible!
You are engulfed in a cloud of scalding steam.
* * * LOW HITPOINT WARNING * * *
The steam dragon breathes steam at you. The ball of steam hits you!
You die...

<.......## ........#
.......## ......##
#### #.....##
###..## #...#..#
###.....#
######.#####§.§....#
##.##§§§......#
#.....§..§@§.#
##.#...D§§.§##
##.#....§§.#
#..#......#
##.######## ##. ..
..


You could see a steam dragon (extremely poisoned, catching breath).

Vanquished Creatures
  Pikel (D:4)
  Prince Ribbit (D:6)
  A wyvern (D:9)
  2 steam dragons
  Edmund (D:6)
  An orc warrior (D:8)
  A sky beast (D:5)
  3 ogres
  2 black bears
  A centaur (D:6)
  Blork the orc (D:6)
  2 bullfrogs
  A kobold brigand (D:6)
  A water moccasin skeleton (D:4)
  5 killer bees (D:8)
  3 howler monkeys
  5 wights (D:8)
  A hound (D:6)
  4 orc priests
  2 centaur zombies
  3 iguanas
  7 orc wizards
  A hound skeleton (D:5)
  4 adders
  4 gnolls (D:7)
  A shadow imp (D:5)
  A white imp (D:7)
  An ufetubus (D:7)
  An adder zombie (D:4)
  4 worms
  2 dart slugs
  17 orcs
  4 bats
  8 endoplasms
  2 giant cockroaches
  12 goblins
  6 hobgoblins
  2 jackals (D:2)
  3 quokkas
  5 ball pythons
  3 frilled lizards
  9 kobolds
  5 rats
144 creatures vanquished.

Vanquished Creatures (others)
  8 plants (D:4)
8 creatures vanquished.

Grand Total: 152 creatures vanquished

Notes
Turn   | Place    | Note
-------+----------+-------------------------------------------
     0 | D:1      | tsouns the Spriggan Venom Mage began the quest for the Orb.
     0 | D:1      | Reached XP level 1. HP: 9/9 MP: 5/5
   539 | D:1      | Reached XP level 2. HP: 13/13 MP: 2/6
   542 | D:1      | Learned a level 2 spell: Poisonous Vapours
  1715 | D:2      | Reached XP level 3. HP: 16/16 MP: 1/8
  2775 | D:2      | Reached skill level 4 in Stealth
  3055 | D:3      | Reached skill level 1 in Air Magic
  3247 | D:3      | Reached XP level 4. HP: 18/21 MP: 3/10
  3407 | D:3      | Found a hide-covered altar of Uskayaw.
  4242 | D:4      | Noticed a phantom
  4628 | D:4      | Reached XP level 5. HP: 24/24 MP: 6/11
  4673 | D:4      | Found a transporter.
  4830 | D:4      | Learned a level 3 spell: Mephitic Cloud
  4835 | D:4      | Learned a level 4 spell: Olgreb's Toxic Radiance
  4890 | D:4      | Noticed Pikel
  4896 | D:4      | Noticed a lemure
  4898 | D:4      | Noticed a lemure
  4898 | D:4      | Noticed a lemure
  4900 | D:4      | Noticed a lemure
  4904 | D:4      | Killed Pikel
  4905 | D:4      | Reached skill level 6 in Stealth
  4905 | D:4      | Reached skill level 5 in Spellcasting
  4905 | D:4      | Reached skill level 1 in Conjurations
  4905 | D:4      | Reached XP level 6. HP: 15/28 MP: 1/14
  4905 | D:4      | Reached XP level 7. HP: 18/32 MP: 1/15
  5499 | D:4      | Found a transporter.
  5811 | D:4      | Identified the +6 spear "Peame" {elec, rC+ Will+ Str+4}
  5893 | D:5      | Entered Level 5 of the Dungeon
  6050 | D:5      | Reached skill level 7 in Stealth
  6050 | D:5      | Reached skill level 5 in Poison Magic
  6876 | D:5      | Upgraded the game from 0.28-a0-622-gbaef9634d7 to
                  | 0.28-a0-691-gad6df49e81
  6898 | D:6      | Reached XP level 8. HP: 36/36 MP: 16/18
  7282 | D:6      | Noticed Blork the orc
  7304 | D:6      | Killed Blork the orc
  7305 | D:6      | Reached skill level 1 in Short Blades
  7544 | D:6      | Noticed Edmund
  7564 | D:6      | Killed Edmund
  7565 | D:6      | Reached skill level 1 in Fighting
  7565 | D:6      | Reached skill level 8 in Stealth
  8004 | D:6      | Noticed Prince Ribbit
  8008 | D:6      | Killed Prince Ribbit
  8020 | D:6      | Found a staircase to the Ecumenical Temple.
  8027 | Temple   | Entered the Ecumenical Temple
  8193 | Temple   | Became a worshipper of Warmaster Okawaru
  9103 | D:7      | Reached XP level 9. HP: 36/42 MP: 14/20
  9713 | D:7      | Reached * piety under Okawaru
  9714 | D:7      | Reached skill level 9 in Stealth
  9907 | D:7      | Found a burning altar of Makhleb.
 10831 | D:8      | Reached ** piety under Okawaru
 10896 | D:8      | Found a staircase to the Lair.
 11529 | D:9      | Reached skill level 10 in Stealth
 11611 | D:9      | Killed from afar by a steam dragon

Illustrated notes

Levels and vault maps discovered:
D:1:      lemuel_arrival_lava_pool, layout_basic
D:2:      layout_basic
D:3:      layout_basic, mainiacjoe_overflow_24_doors
D:4:      cheibrodos_old_hovel, layout_loops_ring,
          gammafunk_ghost_gnarly_gnolls, uniq_pikel
D:5:      layout_rooms
D:6:      layout_gridville, minmay_temple_entry_hall,
          kennysheep_generic_room_15, uniq_edmund, uniq_blork_the_orc,
          uniq_prince_ribbit1
D:7:      layout_cave_pools, bloody_makhleb
D:8:      layout_basic, lair_entry_dummy
D:9:      minmay_the_grid_triangle_9x9_recursive_2_mashed
          [minmay_the_grid_triangle_9x9_prize_center,
          minmay_the_grid_triangle_9x9_cache,
          minmay_the_grid_triangle_9x9_dagger,
          minmay_the_grid_triangle_9x9_intruding_spiral], layout_cave_pods,
          gammafunk_temple_overflow_forgotten, hiddenorc1_lemuel, uniq_grum
Temple:   minmay_crystal_spiral_temple

Skill      XL: |  1  2  3  4  5  6  7  8  9 |
---------------+----------------------------+-----
Spellcasting   | 3 5 6 7 |  7.8
Transmutations | 2 3 |  3.2
Stealth        | 4 6 7 8 10 | 10.0
Air Magic      | 1 |  1.4
Conjurations   | 1 2 3 4 |  4.1
Poison Magic   | 4 5 6 |  6.9
Short Blades   | 2 4 |  4.3
Fighting       | 2 3 |  3.3
Dodging        | |  2.6

Action                   |  1- 3 |  4- 6 |  7- 9 || total
-------------------------+-------+-------+-------++-------
Melee: Dagger            |    27 |    51 |   119 ||   197
 Cast: Sting             |    80 |    23 |   118 ||   221
       Poisonous Vapours |    20 |    32 |   101 ||   153
       Olgreb's Toxic Ra |       |       |     1 ||     1
       Mephitic Cloud    |       |       |     8 ||     8
Evoke: Wand              |       |       |     4 ||     4
  Use: Scroll            |       |     8 |    10 ||    18
 Stab: Sleeping          |       |     5 |     9 ||    14
Armor: Robe              |     1 |     6 |    13 ||    20
Dodge: Dodged            |    28 |    33 |   163 ||   224

Table legend: (Time is in decaauts)
 A = Elapsed time spent in this place.
 B = Non-inter-level travel time spent in this place.
 C = Inter-level travel time spent in this place.
 D = Time resting spent in this place.
 E = Time spent auto-exploring this place.
 F = Levels seen in this place.
 G = Mean time per level.
                   A        B        C        D        E       F      G
               +--------+--------+--------+--------+--------+-----+--------+
         Total |   9286 |   9111 |    175 |      0 |   7788 |  10 |  928.6 |
       Dungeon |   9147 |   9007 |    140 |      0 |   7720 |   9 | 1016.3 |
        Temple |    139 |    105 |     34 |      0 |     67 |   1 |  139.0 |
               +--------+--------+--------+--------+--------+-----+--------+

Top non-repeatable levels by time:
     D:6: 1946 daAuts
     D:3: 1341 daAuts
     D:2: 1188 daAuts
     D:4: 1146 daAuts
     D:1: 940 daAuts
     D:8: 905 daAuts
     D:5: 792 daAuts
     D:7: 698 daAuts
     D:9: 188 daAuts
  Temple: 139 daAuts
